 Dungeon Sprint DCSS version 0.31-a0-1576-ga3383bade6 (webtiles) character file.

Game seed: 2998853306953597620

7436 sircluck the Brawler (level 10, -16/178 HPs)
             Began as a Troll Berserker on Jan 4, 2024.
             Was a High Priest of Trog.
             Demolished by a spriggan defender
             ... wielding a +1 vampiric lajatang
              (21 damage)
             ... in the Dungeon (Sprint IV: "Fedhas' Mad Dash").
             The game lasted 00:04:44 (1414 turns).

sircluck the Brawler (Troll Berserker)              Turns: 1414, Time: 00:04:45

Health: -16/178    AC:  4    Str: 31    XL:     10   Next: 93%
Magic:  9/9        EV: 13    Int:  3    God:    Trog [*****.]
Gold:   223        SH:  0    Dex:  9    Spells: 9/9 levels left

rFire   . .          .
                       - Unarmed
rCold   . . .        (no shield)
rNeg    . . .        a - +0 animal skin
rPois   .            (helmet restricted)
rElec   .            (no cloak)
rCorr   .            (gloves unavailable)
SInv    .            (boots unavailable)
Will    .....        i - amulet of invisibility {+Inv} Stlth
                     (no ring)
HPRegen 1.29/turn    (no ring)
MPRegen 0.11/turn

%: no teleportation
@: berserking, very quick
A: large, unfitting armour, claws 3, regeneration 1, shaggy fur 1, tough skin 1
a: Renounce Religion, Evoke Invisibility, Berserk, Trog's Hand, Brothers in Arms


You were in the Dungeon.
You worshipped Trog.
Trog was extremely pleased with you.
You visited 1 branch You collected 223 gold pieces.

Inventory:

Missiles
 l - 13 stones
Armour
 a - a +0 animal skin (worn)
Jewellery
 i - the amulet of invisibility (around neck) {+Inv}
   (You found it in the Dungeon)

   [amulet of nothing]

   +Inv:      It lets you turn invisible.
Wands
 m - a wand of flame (7)
Scrolls
 g - a scroll of blinking
 h - 2 scrolls of identify {unknown}
 k - a scroll of vulnerability {unknown}
 n - a scroll of brand weapon {unknown}
Potions
 b - a potion of curing
 c - a potion of heal wounds
 d - a potion of haste
 e - 2 potions of magic
 f - a potion of berserk rage
 j - 2 potions of cancellation {unknown}


   Skills:
 + Level 13.4 Fighting
 + Level 13.2 Dodging
 + Level 15.6 Unarmed Combat


You had 9 spell levels left.
You didn't know any spells.
Your spell library was empty.

Dungeon Overview and Level Annotations

Branches:
Dungeon (1/1)

Altars:
Cheibriados
Dithmenos
Elyvilon
Gozag
Hepliaklqana
Kikubaaqudgha
Makhleb
Nemelex Xobeh
Okawaru
Qazlal
Ru
Sif Muna
Trog
Uskayaw
Vehumet
Wu Jian
Xom
Yredelemnul
Zin
The Shining One
Jiyva
Lugonu

Shops:
D =*((?!??


Innate Abilities, Weirdness & Mutations

You are too large for most types of armour.
You have claws for hands.
Your natural rate of healing is unusually fast.
You are covered in fur. (AC +1)
You have tough skin. (AC +1)


Message History

A red film seems to cover your vision as you go berserk!
You feel yourself moving faster!
You feel mighty!
You eviscerate the spriggan defender!!!
The spriggan defender is almost dead.
The spriggan defender hits you with a +1 vampiric lajatang!
The spriggan defender draws strength from your wounds!
You barely miss the spriggan defender. Your claw misses the spriggan defender.
The spriggan defender is almost dead.
You barely miss the spriggan defender.
The spriggan defender is almost dead.
The spriggan defender hits you with a +1 vampiric lajatang!!!
The spriggan defender draws strength from your wounds!
You barely miss the spriggan defender.
The spriggan defender is heavily wounded.
The spriggan defender hits you with a +1 vampiric lajatang!!
The spriggan defender draws strength from your wounds!
You claw the spriggan defender!
The spriggan defender is heavily wounded.
The spriggan defender hits you with a +1 vampiric lajatang!!
The spriggan defender draws strength from your wounds!
You mangle the spriggan defender!! Your claw misses the spriggan defender.
The spriggan defender is moderately wounded.
The spriggan defender hits you with a +1 vampiric lajatang!!
* * * LOW HITPOINT WARNING * * *
You mangle the spriggan defender!!
The spriggan defender is severely wounded.
You mangle the spriggan defender!!
The spriggan defender is almost dead.
The spriggan defender hits you with a +1 vampiric lajatang!
* * * LOW HITPOINT WARNING * * *
The spriggan defender draws strength from your wounds!
You closely miss the spriggan defender. Your claw misses the spriggan defender.
The spriggan defender is severely wounded.
The spriggan defender hits you with a +1 vampiric lajatang!!
* * * LOW HITPOINT WARNING * * *
The spriggan defender draws strength from your wounds!
You miss the spriggan defender.
The spriggan defender is severely wounded.
The spriggan defender hits you with a +1 vampiric lajatang!!
You die...

#################......###.)...♣.
♣♣♣♣..♣.###.'..).......†)).).♣..∩
....♣).♣##:.#..#.......##########
.♣♣♣.♣..###.##'##.P....#
♣..♣...♣'...#♣.♣########
#############.....####
#.)♣..♣....### #...♣......♣...♣#
......♣..@i.∩.∩...
##################


You could see a spriggan defender.

Vanquished Creatures
  A demonic crawler (D)
  A spriggan druid (D)
  5 oklob plants (D)
  2 burning bushes (D)
  A queen bee (D)
  A hornet (D)
  3 scorpions (D)
  4 killer bees (D)
  2 wandering mushrooms (D)
  5 oklob saplings (D)
  5 spriggans (D)
  A river rat (D)
  A rat (D)
  A ballistomycete spore (D)
33 creatures vanquished.

Vanquished Creatures (collateral kills)
  Agnes (D)
  A spriggan berserker (D)
  An oklob plant (D)
  A wandering mushroom (D)
  A burning bush (D)
5 creatures vanquished.

Grand Total: 38 creatures vanquished

Notes
Turn   | Place    | Note
-------+----------+-------------------------------------------
     0 | D        | sircluck the Troll Berserker began the quest for the Orb.
     0 | D        | Reached XP level 1. HP: 22/22 MP: 0/0
     8 | D        | Reached XP level 2. HP: 26/31 MP: 1/1
    20 | D        | Noticed an oklob sapling
    22 | D        | Killed an oklob sapling
    22 | D        | Reached ** piety under Trog
    23 | D        | Reached skill level 4 in Unarmed Combat
    23 | D        | Reached XP level 3. HP: 25/39 MP: 2/2
    37 | D        | Noticed a scorpion
    37 | D        | Found the amulet of invisibility {+Inv}
    40 | D        | Killed a scorpion
    41 | D        | Reached skill level 5 in Unarmed Combat
    41 | D        | Reached XP level 4. HP: 49/49 MP: 3/3
    72 | D        | Reached skill level 5 in Fighting
    72 | D        | Reached skill level 5 in Dodging
    72 | D        | Reached skill level 6 in Unarmed Combat
    84 | D        | Found an opulent altar of Gozag.
    84 | D        | Found a hazy altar of Hepliaklqana.
    84 | D        | Found a burning altar of Makhleb.
    84 | D        | Found a sparkling altar of Nemelex Xobeh.
    84 | D        | Found a snail-covered altar of Cheibriados.
    84 | D        | Found a sacrificial altar of Ru.
    84 | D        | Found a shimmering blue altar of Sif Muna.
    84 | D        | Found a shimmering altar of Xom.
    84 | D        | Found a basalt altar of Yredelemnul.
    86 | D        | Found a viscous altar of Jiyva.
    86 | D        | Found a bloodstained altar of Trog.
    86 | D        | Found an ornate altar of the Wu Jian Council.
    87 | D        | Found an iron altar of Okawaru.
    87 | D        | Found a glowing silver altar of Zin.
    87 | D        | Found a shadowy altar of Dithmenos.
    88 | D        | Found an ancient bone altar of Kikubaaqudgha.
    88 | D        | Found a hide-covered altar of Uskayaw.
    89 | D        | Found a stormy altar of Qazlal.
    89 | D        | Found a glowing golden altar of the Shining One.
    89 | D        | Found a white marble altar of Elyvilon.
    90 | D        | Found a corrupted altar of Lugonu.
    90 | D        | Found a radiant altar of Vehumet.
    97 | D        | Reached XP level 5. HP: 44/59 MP: 4/4
   223 | D        | Reached *** piety under Trog
   224 | D        | Reached skill level 7 in Unarmed Combat
   372 | D        | Reached XP level 6. HP: 68/68 MP: 5/5
   375 | D        | Reached skill level 8 in Unarmed Combat
   382 | D        | Found Viniec's General Store.
   382 | D        | Found Noen's Jewellery Emporium.
   411 | D        | Noticed a burning bush
   411 | D        | Noticed a wandering mushroom
   412 | D        | Noticed a wandering mushroom
   424 | D        | Reached **** piety under Trog
   526 | D        | Killed a wandering mushroom
   527 | D        | Reached skill level 9 in Unarmed Combat
   527 | D        | Reached XP level 7. HP: 53/79 MP: 6/6
   565 | D        | Killed a burning bush
   566 | D        | Reached skill level 10 in Unarmed Combat
   572 | D        | Found Fadooxtost's Distillery.
   572 | D        | Found Toihema's Magic Scroll Shoppe.
   640 | D        | Noticed a queen bee
   659 | D        | Reached ***** piety under Trog
   661 | D        | Killed a queen bee
   661 | D        | Received a gift from Trog
   662 | D        | Reached XP level 8. HP: 17/92 MP: 7/7
   786 | D        | Noticed an oklob plant
   792 | D        | Killed an oklob plant
   793 | D        | Reached skill level 11 in Unarmed Combat
   807 | D        | Noticed a burning bush
   813 | D        | Killed a burning bush
   814 | D        | Reached skill level 10 in Fighting
   823 | D        | Noticed a burning bush
   823 | D        | Noticed an oklob plant
   931 | D        | Killed a burning bush
   932 | D        | Reached skill level 10 in Dodging
   932 | D        | Reached skill level 12 in Unarmed Combat
   934 | D        | Noticed a wandering mushroom
   941 | D        | Killed a wandering mushroom
   942 | D        | Reached XP level 9. HP: 61/102 MP: 8/8
   943 | D        | Killed an oklob plant
  1025 | D        | Noticed a spriggan druid
  1028 | D        | Killed a spriggan druid
  1029 | D        | Reached skill level 13 in Unarmed Combat
  1083 | D        | Noticed an oklob plant conjurer
  1115 | D        | Killed an oklob plant conjurer
  1163 | D        | Noticed an oklob plant
  1163 | D        | Noticed an oklob plant summoner
  1164 | D        | Noticed an oklob plant shifter
  1169 | D        | Killed an oklob plant
  1176 | D        | Killed an oklob plant summoner
  1177 | D        | Reached XP level 10. HP: 81/115 MP: 9/9
  1228 | D        | Killed an oklob plant shifter
  1229 | D        | Reached skill level 14 in Unarmed Combat
  1241 | D        | Noticed a demonic crawler
  1245 | D        | Killed a demonic crawler
  1290 | D        | Noticed a spriggan rider
  1292 | D        | Received a gift from Trog
  1293 | D        | Found Budeg's Magic Scroll Emporium.
  1301 | D        | Killed a spriggan rider
  1342 | D        | Found Ajoosk's Magic Scroll Shoppe.
  1380 | D        | Noticed Agnes
  1386 | D        | Killed Agnes
  1387 | D        | Reached skill level 15 in Unarmed Combat
  1390 | D        | Found Tuhosch's Weapon Emporium.
  1390 | D        | Noticed a spriggan berserker
  1394 | D        | Killed a spriggan berserker
  1397 | D        | Found Ystryf's Antique Weapon Shoppe.
  1399 | D        | Noticed a spriggan defender
  1413 | D        | HP: 5/178 [spriggan defender/+1 vampiric lajatang (27)]
  1414 | D        | Demolished by a spriggan defender

Illustrated notes

Levels and vault maps discovered:
D:        dungeon_sprint_fedhas [sprint_temple]

Skill      XL: |  1  2  3  4  5  6  7  8  9 10 |
---------------+-------------------------------+-----
Fighting       | 3 4 5 6 7 9 10 11 13 | 13.4
Dodging        | 3 4 5 6 7 9 10 11 13 | 13.2
Unarmed Combat | 4 5 6 7 9 10 12 13 15 | 15.6

Action                     |  1- 3 |  4- 6 |  7- 9 | 10-12 || total
---------------------------+-------+-------+-------+-------++-------
  Melee: Unarmed           |    11 |    32 |    42 |    36 ||   121
         Punch             |       |     5 |     7 |     1 ||    13
 Invoke: Berserk           |       |     2 |     2 |     3 ||     7
         Brothers in Arms  |       |       |     2 |     1 ||     3
Ability: Evoke Invisibilit |       |     1 |     1 |     1 ||     3
   Stab: Invisible         |       |     1 |     1 |       ||     2
         Sleeping          |       |     1 |       |       ||     1
 Armour: Animal skin       |     4 |    17 |    34 |    19 ||    74
  Dodge: Dodged            |     5 |    18 |    34 |     9 ||    66

Table legend: (Time is in decaauts)
 A = Elapsed time spent in this place.
 B = Non-inter-level travel time spent in this place.
 C = Inter-level travel time spent in this place.
 D = Time resting spent in this place.
 E = Time spent auto-exploring this place.
 F = Levels seen in this place.
 G = Mean time per level.
                   A        B        C        D        E       F      G
               +--------+--------+--------+--------+--------+-----+--------+
         Total |   1449 |   1415 |     34 |    791 |     69 |   1 | 1449.0 |
       Dungeon |   1449 |   1415 |     34 |    791 |     69 |   1 | 1449.0 |
               +--------+--------+--------+--------+--------+-----+--------+

Top non-repeatable levels by time:
       D: 1449 daAuts
